 Dungeon Crawl Stone Soup version 0.23.1-37-gaa34b87 (webtiles) character file.

Game seed: 15663516634021040548

503 night the Conjurer (level 6, -1/67 HPs)
             Began as a Draconian Conjurer on Mar 27, 2019.
             Hit by a stone thrown by a kobold (2 damage)
             ... on level 4 of the Dungeon.
             The game lasted 00:09:42 (3468 turns).

night the Conjurer (Draconian Conjurer)             Turns: 3468, Time: 00:09:42

Health: -1/67      AC:  7    Str: 16    XL:     6   Next: 96%
Magic:  2/12       EV: 12    Int: 17    God:
Gold:   155        SH:  0    Dex: 11    Spells: 3/13 levels left

rFire    . . .     SeeInvis .   n - +5 mace
rCold    + . .     Gourm    .   (no shield)
rNeg     . . .     Faith    .   (armour unavailable)
rPois    .         Spirit   .   (helmet restricted)
rElec    .         Reflect  .   (no cloak)
rCorr    .         Harm     .   (no gloves)
MR       .....     Clarity  +   e - +0 pair of boots
Stlth    ..........             (no amulet)
HPRegen  0.21/turn              (no ring)
MPRegen  0.13/turn              (no ring)

@: berserking (expiring), lethally poisoned (-1 -> -3), very quick
A: unfitting armour, clarity, cold resistance 1, cold-blooded, AC +6
a: no special abilities


You were on level 4 of the Dungeon.
You were not hungry.

You visited 1 branch of the dungeon, and saw 4 of its levels.

You collected 155 gold pieces.

Inventory:

Hand Weapons
 i - a +0 mace
 n - a +5 mace (weapon)
 q - a +0 trident
Missiles
 c - 27 arrows
Armour
 d - a +0 buckler
 e - a +0 pair of boots (worn)
Wands
 o - a wand of disintegration (17)
Scrolls
 j - a scroll of identify
Potions
 a - a potion of haste
 f - a potion of curing {unknown}
 g - a potion of mutation
 h - 2 potions of brilliance {unknown}
 k - a potion of agility {unknown}
 l - a potion of resistance {unknown}
 m - 2 potions of berserk rage
 p - a potion of might {unknown}
 r - a potion of ambrosia {unknown}
Comestibles
 b - 5 rations


   Skills:
 - Level 1.7 Dodging
 - Level 1.7 Stealth
 + Level 4.3 Spellcasting
 + Level 6.1 Conjurations
 + Level 3.1 Hexes


You had 3 spell levels left.
You knew the following spells:

 Your Spells              Type           Power        Failure   Level  Hunger
a - Magic Dart            Conj           ###.         1%          1    None
b - Searing Ray           Conj           ###...       1%          2    ##.....
c - Dazzling Spray        Conj/Hex       ###...       7%          3    ###....
d - Iskenderun's Mystic   Conj           ###.....     12%         4    ####...

Your spell library contained the following spells:

 Spells                   Type           Power        Failure   Level  Hunger
 Slow                     Hex            ##......     6%          2    ##.....
 Conjure Flame            Conj/Fire      ##......     13%         3    ###....
 Summon Small Mammal      Summ           #...         16%         1    None
 Mephitic Cloud           Conj/Pois/Air  ##......     21%         3    ###....
 Blink                    Tloc           N/A          24%         2    ##.....
 Call Imp                 Summ           #.......     24%         2    ##.....
 Summon Guardian Golem    Hex/Summ       #.......     24%         3    ###....
 Call Canine Familiar     Summ           #.......     43%         3    ###....
 Fulminant Prism          Conj/Hex       ###.......   22%         4    ####...
 Force Lance              Conj/Tloc      ##......     38%         4    ####...
 Summon Ice Beast         Ice/Summ       #.......     83%         4    ####...
 Summon Lightning Spire   Summ/Air       #.......     83%         4    ####...


Dungeon Overview and Level Annotations

Branches:
Dungeon (4/15)
 Temple: D:4-7

Altars:
Zin


Innate Abilities, Weirdness & Mutations

Your plain brown scales are hard. (AC +6)
You cannot fit into any form of body armour.
You are cold-blooded and may be slowed by cold attacks.
You possess an exceptional clarity of mind.
Your flesh is cold resistant. (rC+)


Message History

You feel yourself moving faster!
You feel mighty!
You barely miss the hobgoblin. You tail-slap the hobgoblin.
You kill the hobgoblin!
* * * LOW HITPOINT WARNING * * *
You feel sick.
The kobold throws a stone.
The stone barely misses you.
The big kobold throws a stone.
The stone hits you but does no damage. The big kobold barely misses you.
You hit the big kobold.
You kill the big kobold!
Your Hexes skill increases to level 3!
* * * LOW HITPOINT WARNING * * *
You feel sick.
The kobold throws a stone.
The stone misses you.
The big kobold throws a stone.
The stone misses you.
You are too berserk!
The kobold throws a stone.
The stone hits you but does no damage.
You see here a stone.
You are too berserk!
You feel a strong urge to attack something.
The kobold throws a stone.
The stone hits you.
You die...

####### ####################
......## ##.....#.......#...(#
......(###.K.((.@(......#....#
........#...)(.(#########....##
.$..(...#K..).)........#......#
(.(..(..'))K...(.....)('......+
........#.)............#......#
........#......)#########....##
.......###.....()(......#....#
...^..## ##.....#)......#....#
##########################''#####


You could see a big kobold and 2 kobolds.

Vanquished Creatures
  Sigmund (D:2)
  2 big kobolds (D:4)
  A howler monkey (D:4)
  Jessica (D:2)
  A worker ant (D:4)
  3 adders (D:2)
  2 gnolls (D:4)
  An ooze (D:3)
  3 worms
  5 leopard geckos
  7 bats
  2 giant cockroaches
  2 goblins (D:2)
  8 hobgoblins
  A quokka (D:2)
  4 frilled lizards
  17 kobolds
  3 rats (D:2)
64 creatures vanquished.

Notes
Turn   | Place    | Note
-------+----------+-------------------------------------------
     0 | D:1      | night the Draconian Conjurer began the quest for the Orb.
     0 | D:1      | Reached XP level 1. HP: 14/14 MP: 3/3
   432 | D:1      | Reached XP level 2. HP: 20/20 MP: 0/5
   492 | D:1      | Learned a level 2 spell: Searing Ray
  1048 | D:2      | Noticed Jessica
  1058 | D:2      | Killed Jessica
  1058 | D:2      | Reached XP level 3. HP: 26/26 MP: 1/6
  1183 | D:2      | Learned a level 3 spell: Dazzling Spray
  1209 | D:2      | Reached skill level 5 in Conjurations
  1390 | D:2      | Reached XP level 4. HP: 33/33 MP: 5/8
  1497 | D:2      | Noticed Sigmund
  1637 | D:2      | Found a glowing silver altar of Zin.
  1902 | D:2      | Killed Sigmund
  1902 | D:2      | Reached XP level 5. HP: 30/38 MP: 1/10
  2211 | D:2      | Learned a level 4 spell: Iskenderun's Mystic Blast
  2345 | D:3      | Reached XP level 6. HP: 45/45 MP: 5/11
  3459 | D:4      | Reached skill level 6 in Conjurations
  3460 | D:4      | HP: 2/45 [big kobold/stone (6)]
  3462 | D:4      | Gained mutation: You possess an exceptional clarity of
                  | mind. [potion of mutation]
  3462 | D:4      | Gained mutation: Your flesh is cold resistant. (rC+)
                  | [potion of mutation]
  3465 | D:4      | HP: 1/67 [poisoned by a gnoll]
  3468 | D:4      | Hit by a stone thrown by a kobold

Skill      XL: |  1  2  3  4  5  6 |
---------------+-------------------+-----
Conjurations   | 5 6 |  6.1
Spellcasting   | 3 4 |  4.3
Hexes          | 2 3 |  3.1
Dodging        | |  1.7
Stealth        | |  1.7

Action                   |  1- 3 |  4- 6 || total
-------------------------+-------+-------++-------
Melee: Mace              |       |    20 ||    20
       Tailslap          |       |     2 ||     2
 Cast: Magic Dart        |    53 |    69 ||   122
       Searing Ray       |     1 |     2 ||     3
       Iskenderun's Myst |       |     4 ||     4
       Dazzling Spray    |       |     1 ||     1
Evoke: Wand              |       |     1 ||     1
  Use: Scroll            |     2 |     4 ||     6
       Potion            |       |     2 ||     2
  Eat: Chunk             |     2 |     5 ||     7
       Ration            |       |     1 ||     1
Armor: Skin              |       |    23 ||    23
Dodge: Dodged            |     3 |    44 ||    47
